 Dungeon Crawl Stone Soup version 0.28.0-1-gb440e238dd (webtiles) character file.

Game seed: 11802040225328644925

88 spaghetti the Sneak (level 4, -1/35 HPs)
             Began as an Octopode Delver on Feb 20, 2022.
             Slain by a goblin (2 damage)
             ... led by Robin
             ... on level 4 of the Dungeon.
             The game lasted 00:00:47 (283 turns).

spaghetti the Sneak (Octopode Delver)                Turns: 283, Time: 00:00:48

Health: -1/35      AC:  1    Str: 13    XL:     4   Next: 54%
Magic:  4/4        EV: 13    Int: 12    God:
Gold:   0          SH:  0    Dex: 13    Spells: 3/3 levels left

rFire   . . .      SeeInvis .   a - +1 falchion
rCold   . . .      Faith    .   (no shield)
rNeg    . . .      Spirit   .   (helmet restricted)
rPois   .          Reflect  .   (no amulet)
rElec   .          Harm     .   (no ring)
rCorr   .          Rampage  .   (no ring)
Will    .....                   (no ring)
Stlth   ++++......              (no ring)
HPRegen 0.11/turn               (no ring)
MPRegen 0.09/turn               (no ring)
                                (no ring)
                                (no ring)

@: no status effects
A: almost no armour, amphibious, 8 rings, camouflage 1, gelatinous body 1,
(nimble swimmer 1), tentacles
a: no special abilities


You were on level 4 of the Dungeon.
You visited 1 branch of the dungeon, and saw 2 of its levels.

Inventory:

Hand Weapons
 a - a +1 falchion (weapon)
Jewellery
 h - a ring of magical power
Wands
 f - a wand of digging (3)
Scrolls
 b - a scroll of fog
 d - 2 scrolls of fear
Potions
 e - a potion of haste
 g - a potion of experience {unknown}


   Skills:
 + Level 5.2 Fighting
 - Level 2.0 Long Blades
 - Level 2.0 Dodging
 - Level 6.6 Stealth


You had 3 spell levels left.
You didn't know any spells.
Your spell library was empty.

Dungeon Overview and Level Annotations

Branches:
Dungeon (5/15)
 Temple: D:4-7

Altars:

Annotations:
D:4 Robin


Innate Abilities, Weirdness & Mutations

You cannot wear most types of armour.
You are amphibious.
You can wear up to eight rings at the same time.
Your skin changes colour to match your surroundings (Stealth+).
Your rubbery body absorbs attacks. (AC +1, EV +1)
((You are camouflaged when in or above water. (Stealth+)))
You have tentacles for arms and can constrict up to eight enemies at once.


Message History

The orc wizard is almost dead.
You constrict the orc wizard.
You kill the orc wizard!
The orc throws a boomerang.
The boomerang barely misses you.
Your Fighting skill increases to level 5!
Unknown command.
Things that are here:
a +0 whip; a +0 leather armour You barely miss the orc.
Your grab misses the orc. The orc hits you with a +0 whip.
You slash the orc!
You kill the orc!
Items here: ( )) [[ †.
You start resting.
A centaur zombie is nearby!
A centaur zombie is nearby!
Things that are here:
a +0 whip; a +0 leather armour
There is a stone staircase leading up here.
You climb upwards.
Level annotation: Robin The orc shouts!
The goblin shouts!
You hear a shout! x3
The goblin hits you with a +0 dagger. The goblin misses you.
The goblin unwields a +0 dagger.
The goblin wields a +0 hunting sling.
The goblin shoots a sling bullet.
The sling bullet misses you. The goblin barely misses you.
Robin throws the goblin at you! The goblin hits you with a +0 dagger.
A hobgoblin comes into view.
The goblin shouts!
The hobgoblin shouts!
There is a stone staircase leading down here.
Unknown command.
There are monsters nearby!
Unknown command.
The hobgoblin shouts! x2
The goblin shoots a sling bullet.
The sling bullet hits you!
* * * LOW HITPOINT WARNING * * *
The goblin hits you with a +0 dagger.
* * * LOW HITPOINT WARNING * * *
The goblin hits you with a +0 dagger.
You die...

**,,,,,*####.....## ****
*,,,,,,,..........######**,,,
*,,,,,,,,##..............,,,,
***,,,****####...........****
*,,,** #.........##* **,,**
##.......### **,***
##.......## **,** ##gg##....#
**,** *#g@####...# **,**
*#..## **...#* ,,** *#g.#*
*,.#..#* *** **#.o#*
*,**#..** ***g.g#* *,*
*#.,*** *,gg.g* *,* **,,,*
**,..g** *,** **,,*
**,,g.,,** **,****,,,*
*,,***,,,*** **,,,,,***


You could see Robin, an orc, 3 hobgoblins and 7 goblins.

Vanquished Creatures
  An orc priest (D:5)
  An iguana (D:5)
  An orc wizard (D:5)
  2 orcs (D:5)
  A giant cockroach (D:4)
  2 quokkas (D:4)
8 creatures vanquished.

Notes
Turn   | Place    | Note
-------+----------+-------------------------------------------
     0 | D:5      | spaghetti the Octopode Delver began the quest for the Orb.
     0 | D:5      | Reached XP level 1. HP: 16/16 MP: 1/1
    35 | D:5      | Noticed an iguana
    40 | D:5      | Killed an iguana
    41 | D:5      | Reached XP level 2. HP: 22/22 MP: 2/2
    41 | D:5      | Reached XP level 3. HP: 27/27 MP: 3/3
   246 | D:4      | Noticed Robin
   262 | D:5      | Reached XP level 4. HP: 34/34 MP: 4/4
   273 | D:5      | Reached skill level 5 in Fighting
   283 | D:4      | HP: 1/35 [goblin[Robin] (3)]
   283 | D:4      | Slain by a goblin

Illustrated notes

Levels and vault maps discovered:
D:4:      layout_layer_cave, lemuel_doored_altar, uniq_robin, uniq_edmund,
          uniq_duvessa
D:5:      layout_basic, serial_shops, nicolae_lakefront_shop,
          minmay_manual_monstrance

Skill      XL: |  1  2  3  4 |
---------------+-------------+-----
Fighting       | 4 5 |  5.2
Long Blades    | |  2.0
Dodging        | |  2.0
Stealth        | |  6.6

Action                   |  1- 3 |  4- 6 || total
-------------------------+-------+-------++-------
Melee: Falchion          |     9 |     7 ||    16
       Constrict         |     2 |     2 ||     4
       Tentacles         |     2 |     2 ||     4
  Use: Scroll            |     2 |       ||     2
 Stab: Sleeping          |     1 |       ||     1
Armor: Skin              |       |     1 ||     1
Dodge: Dodged            |     7 |     7 ||    14
